[Event "Mitropa Cup Open 2019"]
[Site "Radenci"]
[Date "2019.06.01"]
[Round "6.20"]
[White "Eugene, Floryan"]
[Black "Lodici, Lorenzo"]
[Result "0-1"]
[ECO "C54"]
[WhiteElo "2303"]
[BlackElo "2453"]
[Annotator "ChessBase"]
[PlyCount "56"]
[EventDate "2019.05.27"]
[EventType "team-tourn"]
[EventCountry "SLO"]
[SourceTitle "playchess.com"]
[Source "ChessBase"]
[SourceQuality "1"]
[WhiteTeam "France"]
[BlackTeam "Italy"]
[WhiteTeamCountry "FRA"]
[BlackTeamCountry "ITA"]
[TimeControl "40/5400+30:1800+30"]

1. e4 e5 2. Nf3 Nc6 3. Bc4 Bc5 4. O-O Nf6 5. d3 a6 6. c3 Ba7 7. Re1 d6 8. Bb3 h6 9. h3 g5 10. d4 g4 11. dxe5 gxf3 12. exf6 Qxf6 13. Nd2 Ne5 14. Nxf3 Rg8 15. Kh2 Bxh3 16. Nxe5 Qxe5+ 17. g3 Bxf2 18. Qf3 Qxg3+ 19. Qxg3 Bxg3+ 20. Kxh3 Bxe1 21. Bf4 Bf2 22. Rf1 Bb6 23. Ba4+ Ke7 24. e5 Rg1 25. exd6+ cxd6 26. Rf3 Rag8 27. Kh2 R8g2+ 28. Kh3 Rf2 0-1

[Event "Mitropa Cup Open 2019"]
[Site "Radenci"]
[Date "2019.06.02"]
[Round "7.1"]
[White "Travadon, Loic"]
[Black "Mihok, Oliver"]
[Result "0-1"]
[ECO "E92"]
[WhiteElo "2441"]
[BlackElo "2541"]
[Annotator "ChessBase"]
[PlyCount "76"]
[EventDate "2019.05.27"]
[EventType "team-tourn"]
[EventCountry "SLO"]
[SourceTitle "playchess.com"]
[Source "ChessBase"]
[SourceQuality "1"]
[WhiteTeam "France"]
[BlackTeam "Hungary"]
[WhiteTeamCountry "FRA"]
[BlackTeamCountry "HUN"]
[TimeControl "40/5400+30:1800+30"]

1. d4 Nf6 2. c4 g6 3. Nc3 Bg7 4. e4 d6 5. Nf3 O-O 6. Be2 e5 7. d5 a5 8. Bg5 h6 9. Be3 Ng4 10. Bd2 f5 11. h3 Nf6 12. exf5 gxf5 13. Qc1 f4 14. g3 e4 15. Nh4 e3 16. fxe3 fxg3 17. Ng6 Re8 18. Nf4 Na6 19. Rg1 Nc5 20. Qc2 Nfe4 21. Nxe4 Nxe4 22. O-O-O Bf5 23. Bd3 Qg5 24. Be1 Re5 25. h4 Qxh4 26. Bxe4 Bxe4 27. Bxg3 Qf6 28. Qh2 Bh7 29. Ne6 Rxe6 30. dxe6 Qxe6 31. Be1 Qe4 32. Rxg7+ Kxg7 33. Bc3+ Kg8 34. Qg3+ Bg6 35. Kd2 Rf8 36. Qg1 Kh7 37. Bxa5 Qc2+ 38. Ke1 Bh5 0-1

[Event "Mitropa Cup Open 2019"]
[Site "Radenci"]
[Date "2019.06.02"]
[Round "7.2"]
[White "Kozak, Adam"]
[Black "Joie, Sebastien"]
[Result "1-0"]
[ECO "A07"]
[WhiteElo "2458"]
[BlackElo "2425"]
[Annotator "ChessBase"]
[PlyCount "45"]
[EventDate "2019.05.27"]
[EventType "team-tourn"]
[EventCountry "SLO"]
[SourceTitle "playchess.com"]
[Source "ChessBase"]
[SourceQuality "1"]
[WhiteTeam "Hungary"]
[BlackTeam "France"]
[WhiteTeamCountry "HUN"]
[BlackTeamCountry "FRA"]
[TimeControl "40/5400+30:1800+30"]

1. Nf3 d5 2. g3 c6 3. Bg2 Bf5 4. O-O e6 5. c4 dxc4 6. Nc3 Nf6 7. b3 cxb3 8. Qxb3 Qb6 9. Qa4 Qb4 10. Qd1 h6 11. a4 Qc4 12. a5 Be7 13. Ne5 Qd4 14. a6 Qb6 15. axb7 Qxb7 16. Qa4 O-O 17. Nxc6 Nxc6 18. Bxc6 Qc7 19. Bxa8 Rxa8 20. Ba3 Bxa3 21. Rxa3 Bh3 22. Rb1 Rd8 23. d3 1-0

[Event "Mitropa Cup Open 2019"]
[Site "Radenci"]
[Date "2019.06.02"]
[Round "7.3"]
[White "Di Nicolantonio, Lucas"]
[Black "Csonka, Balazs"]
[Result "0-1"]
[ECO "C34"]
[WhiteElo "2379"]
[BlackElo "2466"]
[Annotator "ChessBase"]
[PlyCount "56"]
[EventDate "2019.05.27"]
[EventType "team-tourn"]
[EventCountry "SLO"]
[SourceTitle "playchess.com"]
[Source "ChessBase"]
[SourceQuality "1"]
[WhiteTeam "FRA"]
[BlackTeam "HUN"]
[WhiteTeamCountry "FRA"]
[TimeControl "40/5400+30:1800+30"]

1. e4 e5 2. f4 exf4 3. Nf3 Nf6 4. e5 Nh5 5. d4 d6 6. Qe2 d5 7. Nc3 g6 8. Bd2 Bg7 9. O-O-O O-O 10. Qf2 Nc6 11. g3 f6 12. gxf4 fxe5 13. dxe5 Kh8 14. Be3 Nxf4 15. Bxf4 Rxf4 16. Nxd5 Qf8 17. Nxf4 Qxf4+ 18. Kb1 Bg4 19. Bg2 Nxe5 20. Qh4 Nxf3 21. Rd8+ Rxd8 22. Qxd8+ Bf8 23. h3 Bh5 24. Qe8 Kg7 25. Ka1 Qg3 26. Rd1 Bd6 27. Bf1 Ne5 28. Rc1 a5 0-1

[Event "Mitropa Cup Open 2019"]
[Site "Radenci"]
[Date "2019.06.02"]
[Round "7.5"]
[White "Gazik, Viktor"]
[Black "Stella, Andrea"]
[Result "1-0"]
[ECO "E05"]
[WhiteElo "2520"]
[BlackElo "2511"]
[Annotator "ChessBase"]
[PlyCount "95"]
[EventDate "2019.05.27"]
[EventType "team-tourn"]
[EventCountry "SLO"]
[SourceTitle "playchess.com"]
[Source "ChessBase"]
[SourceQuality "1"]
[WhiteTeam "Slovakia"]
[BlackTeam "Italy"]
[WhiteTeamCountry "SVK"]
[BlackTeamCountry "ITA"]
[TimeControl "40/5400+30:1800+30"]

1. d4 e6 2. Nf3 d5 3. g3 Nf6 4. Bg2 Be7 5. O-O O-O 6. c4 dxc4 7. Qc2 a6 8. a4 Bd7 9. e4 Nc6 10. Nc3 Nb4 11. Qe2 Nd3 12. Be3 b5 13. Ne5 c5 14. Nxd3 cxd3 15. Qxd3 Bc6 16. d5 b4 17. Qc4 Bb7 18. dxe6 bxc3 19. exf7+ Rxf7 20. bxc3 a5 21. Rfd1 Qc7 22. Bf4 Qc8 23. Rab1 Ba6 24. Qa2 Nh5 25. Be3 Bb7 26. Rxb7 Qxb7 27. e5 Qa6 28. Rd7 Re8 29. Bd5 Qg6 30. Ra7 Kf8 31. Bxf7 Qxf7 32. Qxf7+ Kxf7 33. g4 Ke6 34. gxh5 Kxe5 35. Rxa5 Kd5 36. Ra7 Kc4 37. a5 Kb5 38. Kg2 h6 39. Kf3 Bf6 40. Rc7 Re5 41. c4+ Kxc4 42. a6 Re8 43. Rxc5+ Kb4 44. a7 Rf8 45. Kg4 Ka4 46. Rc7 Ka5 47. Rb7 Be5 48. f4 1-0

[Event "Mitropa Cup Open 2019"]
[Site "Radenci"]
[Date "2019.06.02"]
[Round "7.6"]
[White "Sonis, Francesco"]
[Black "Druska, Juraj"]
[Result "1/2-1/2"]
[ECO "A13"]
[WhiteElo "2475"]
[BlackElo "2460"]
[Annotator "ChessBase"]
[PlyCount "45"]
[EventDate "2019.05.27"]
[EventType "team-tourn"]
[EventCountry "SLO"]
[SourceTitle "playchess.com"]
[Source "ChessBase"]
[SourceQuality "1"]
[WhiteTeam "Italy"]
[BlackTeam "Slovakia"]
[WhiteTeamCountry "ITA"]
[BlackTeamCountry "SVK"]
[TimeControl "40/5400+30:1800+30"]

1. c4 e6 2. Nf3 d5 3. g3 dxc4 4. Qa4+ Bd7 5. Qxc4 c5 6. Ne5 Nc6 7. Nxd7 Qxd7 8. Bg2 Nf6 9. Qa4 Nd5 10. Nc3 Be7 11. O-O O-O 12. d3 Rfd8 13. Rd1 Rab8 14. Qc2 b5 15. Nxd5 exd5 16. Be3 Rbc8 17. a4 b4 18. a5 Bf6 19. Qb3 Bd4 20. Bd2 Bf6 21. Be3 Bd4 22. Bd2 Bf6 23. Be3 1/2-1/2

[Event "Mitropa Cup Open 2019"]
[Site "Radenci"]
[Date "2019.06.02"]
[Round "7.7"]
[White "Repka, Christopher"]
[Black "Lodici, Lorenzo"]
[Result "1/2-1/2"]
[ECO "C45"]
[WhiteElo "2482"]
[BlackElo "2453"]
[Annotator "ChessBase"]
[PlyCount "103"]
[EventDate "2019.05.27"]
[EventType "team-tourn"]
[EventCountry "SLO"]
[SourceTitle "playchess.com"]
[Source "ChessBase"]
[SourceQuality "1"]
[WhiteTeam "Slovakia"]
[BlackTeam "Italy"]
[WhiteTeamCountry "SVK"]
[BlackTeamCountry "ITA"]
[TimeControl "40/5400+30:1800+30"]

1. e4 e5 2. Nf3 Nc6 3. d4 exd4 4. Nxd4 Qf6 5. Be3 Bc5 6. c3 Qg6 7. Nd2 Nf6 8. f3 d5 9. Bb5 Bxd4 10. Bxd4 dxe4 11. Bxf6 Qxf6 12. Nxe4 Qg6 13. Qa4 O-O 14. Bxc6 Qxg2 15. O-O-O bxc6 16. Rhg1 Qh3 17. Qxc6 Bf5 18. Rg3 Qh4 19. Qxc7 Bxe4 20. fxe4 Qxe4 21. Rgd3 g6 22. b3 Rae8 23. Kb2 Qg2+ 24. R1d2 Re2 25. Qd6 Rfe8 26. c4 R8e6 27. Qd8+ Kg7 28. Qd4+ Kg8 29. Qd8+ Kg7 30. Qd4+ Kg8 31. h4 R6e4 32. Qc3 Rxd2+ 33. Rxd2 Re2 34. Rxe2 Qxe2+ 35. Ka3 f5 36. Qd4 Qe7+ 37. Ka4 Kf7 38. b4 h6 39. c5 g5 40. hxg5 hxg5 41. Qd5+ Kf6 42. c6 g4 43. Qd4+ Ke6 44. b5 Qc7 45. Qe3+ Kd5 46. Qd2+ Ke6 47. Qh6+ Kd5 48. Qd2+ Ke6 49. Qg5 Ke5 50. Qg8 Kf4 51. Qc4+ Ke5 52. Qe2+ 1/2-1/2

[Event "Mitropa Cup Open 2019"]
[Site "Radenci"]
[Date "2019.06.02"]
[Round "7.8"]
[White "Di Benedetto, Edoardo"]
[Black "Pechac, Jergus"]
[Result "1/2-1/2"]
[ECO "D13"]
[WhiteElo "2404"]
[BlackElo "2461"]
[Annotator "RC"]
[PlyCount "142"]
[EventDate "2019.05.27"]
[EventType "team-tourn"]
[EventCountry "SLO"]
[SourceTitle "playchess.com"]
[Source "ChessBase"]
[SourceQuality "1"]
[WhiteTeam "Italy"]
[BlackTeam "Slovakia"]
[WhiteTeamCountry "ITA"]
[BlackTeamCountry "SVK"]
[TimeControl "40/5400+30:1800+30"]

1. d4 d5 2. c4 c6 3. Nc3 Nf6 4. Nf3 a6 5. cxd5 cxd5 6. Bf4 Nc6 7. e3 Bg4 8. Be2 e6 9. O-O Bd6 10. Bxd6 Qxd6 11. a3 O-O 12. Rc1 Rfc8 13. Na4 Nd7 14. Nc5 Bxf3 15. Bxf3 b6 16. Nxd7 Qxd7 17. Qd3 f5 18. b4 Nd8 19. Rxc8 Qxc8 20. Qd2 Nb7 21. Rc1 Qd7 22. Be2 Nd6 23. g3 h6 24. Bd3 Kh7 25. Qe2 Qa4 26. Rc3 Ra7 27. f3 Qd7 28. Qc2 Kg8 29. Kg2 Kf8 30. e4 Kg8 31. e5 Ne8 32. a4 Kf7 33. b5 a5 34. Rc6 Rc7 35. g4 g6 36. gxf5 gxf5 37. Qd2 Rxc6 38. bxc6 Qxc6 39. Bb5 Qc8 40. Qxh6 Ng7 41. Qd2 Qd8 42. Qh6 Qc8 43. Qd2 Kg6 44. h4 Qd8 45. Kh3 Nh5 46. Bd7 Ng7 47. Bb5 Nh5 48. Qc1 Qe7 49. Qc8 Nf4+ 50. Kg3 Nh5+ 51. Kg2 Nf4+ 52. Kf1 Kg7 53. Qd7 Qxd7 54. Bxd7 Kh6 55. Be8 b5 56. Bxb5 Kh5 57. Kf2 Kxh4 58. Bd7 Kh3 59. Bc8 Kh2 60. Bd7 Nh3+ 61. Ke1 Nf4 62. Kf2 Kh3 63. Bc8 Kh4 64. Bd7 Nh3+ 65. Kg2 Nf4+ 66. Kf2 Kh5 67. Ke3 Kg5 68. Bc8 Ng2+ 69. Kf2 Nf4 70. Ke3 Ng2+ 71. Kf2 Nf4 1/2-1/2

[Event "Mitropa Cup Open 2019"]
[Site "Radenci"]
[Date "2019.06.02"]
[Round "7.9"]
[White "Jovanic, Ognjen"]
[Black "Nguyen, Thai Dai Van"]
[Result "1/2-1/2"]
[ECO "D38"]
[WhiteElo "2511"]
[BlackElo "2548"]
[Annotator "ChessBase"]
[PlyCount "72"]
[EventDate "2019.05.27"]
[EventType "team-tourn"]
[EventCountry "SLO"]
[SourceTitle "playchess.com"]
[Source "ChessBase"]
[SourceQuality "1"]
[WhiteTeam "Croatia"]
[BlackTeam "Czech Republic"]
[WhiteTeamCountry "CRO"]
[BlackTeamCountry "CZE"]
[TimeControl "40/5400+30:1800+30"]

1. d4 Nf6 2. Nf3 d5 3. c4 e6 4. Nc3 Bb4 5. Bg5 h6 6. Bxf6 Qxf6 7. e3 O-O 8. Rc1 dxc4 9. Bxc4 c5 10. dxc5 Nd7 11. Qb3 a5 12. a3 Nxc5 13. Qc2 Bxc3+ 14. Qxc3 Qxc3+ 15. Rxc3 b6 16. Ke2 Bb7 17. Rd1 Rfd8 18. Rxd8+ Rxd8 19. Ne1 Ne4 20. Rc2 Rc8 21. Bd3 Rxc2+ 22. Bxc2 Nd6 23. Bd3 e5 24. Kd2 Kf8 25. f3 e4 26. Be2 exf3 27. gxf3 Ke7 28. e4 g5 29. Ke3 f5 30. exf5 Nxf5+ 31. Kf2 Kd6 32. Nc2 Kc5 33. b4+ axb4 34. axb4+ Kd6 35. Ne3 Nxe3 36. Kxe3 Ke5 {[%emt 0:00:40] Ke4+} 1/2-1/2

[Event "Mitropa Cup Open 2019"]
[Site "Radenci"]
[Date "2019.06.02"]
[Round "7.10"]
[White "Kraus, Tomas"]
[Black "Kovacevic, Blazimir"]
[Result "1-0"]
[ECO "E12"]
[WhiteElo "2463"]
[BlackElo "2456"]
[Annotator "ChessBase"]
[PlyCount "67"]
[EventDate "2019.05.27"]
[EventType "team-tourn"]
[EventCountry "SLO"]
[SourceTitle "playchess.com"]
[Source "ChessBase"]
[SourceQuality "1"]
[WhiteTeam "Czech Republic"]
[BlackTeam "Croatia"]
[WhiteTeamCountry "CZE"]
[BlackTeamCountry "CRO"]
[TimeControl "40/5400+30:1800+30"]

1. d4 e6 2. Bf4 b6 3. Nf3 Bb7 4. e3 Nf6 5. c4 c5 6. d5 exd5 7. Nc3 d6 8. cxd5 a6 9. a4 Be7 10. h3 O-O 11. e4 Nbd7 12. Be2 Ne8 13. O-O Bf6 14. Nd2 Rb8 15. Bh2 g5 16. Nc4 Ne5 17. Ne3 Bc8 18. Bg4 Ng7 19. Bxc8 Rxc8 20. Ne2 Ng6 21. Ng3 Nh4 22. Qe2 b5 23. axb5 axb5 24. Ra6 c4 25. Ng4 Be5 26. Nh6+ Kh8 27. Nh5 Bxh2+ 28. Kxh2 Nxh5 29. Qxh5 Qf6 30. f4 Rce8 31. e5 Rxe5 32. Ng4 Qf5 33. Nxe5 dxe5 34. Qxg5 1-0

[Event "Mitropa Cup Open 2019"]
[Site "Radenci"]
[Date "2019.06.02"]
[Round "7.11"]
[White "Tica, Sven"]
[Black "Zilka, Stepan"]
[Result "0-1"]
[ECO "D30"]
[WhiteElo "2417"]
[BlackElo "2527"]
[Annotator "ChessBase"]
[PlyCount "76"]
[EventDate "2019.05.27"]
[EventType "team-tourn"]
[EventCountry "SLO"]
[SourceTitle "playchess.com"]
[Source "ChessBase"]
[SourceQuality "1"]
[WhiteTeam "Croatia"]
[BlackTeam "Czech Republic"]
[WhiteTeamCountry "CRO"]
[BlackTeamCountry "CZE"]
[TimeControl "40/5400+30:1800+30"]

1. d4 d5 2. Nf3 Nf6 3. c4 c6 4. e3 e6 5. b3 Nbd7 6. Bd3 Bd6 7. O-O e5 8. dxe5 Nxe5 9. Bb2 Nxf3+ 10. Qxf3 Bg4 11. Bxf6 Qd7 12. Qxg4 Qxg4 13. Bb2 dxc4 14. Bxc4 b5 15. Bd3 Rd8 16. h3 Qe6 17. Rd1 Be5 18. Nc3 O-O 19. Rac1 Rd7 20. Kf1 Rfd8 21. Ke2 h5 22. Ba3 a5 23. Bc5 Rxd3 24. Rxd3 Rxd3 25. Kxd3 Qg6+ 26. Ne4 f5 27. Nd2 Qxg2 28. f4 Bf6 29. Bb6 a4 30. bxa4 bxa4 31. Rc5 h4 32. Rxf5 Qxh3 33. Ra5 Qg2 34. f5 h3 35. Bc7 h2 36. Bxh2 Qxh2 37. Rxa4 Qd6+ 38. Ke2 Qd5 0-1

[Event "Mitropa Cup Open 2019"]
[Site "Radenci"]
[Date "2019.06.02"]
[Round "7.12"]
[White "Miesbauer, Jan"]
[Black "Srbis, Jurica"]
[Result "1/2-1/2"]
[ECO "C78"]
[WhiteElo "2407"]
[BlackElo "2429"]
[Annotator "ChessBase"]
[PlyCount "122"]
[EventDate "2019.05.27"]
[EventType "team-tourn"]
[EventCountry "SLO"]
[SourceTitle "playchess.com"]
[Source "ChessBase"]
[SourceQuality "1"]
[WhiteTeam "Czech Republic"]
[BlackTeam "Croatia"]
[WhiteTeamCountry "CZE"]
[BlackTeamCountry "CRO"]
[TimeControl "40/5400+30:1800+30"]

1. e4 e5 2. Nf3 Nc6 3. Bb5 a6 4. Ba4 Nf6 5. d3 Bc5 6. O-O d6 7. c3 Ba7 8. Re1 O-O 9. h3 Ne7 10. Nbd2 Ng6 11. Nf1 c6 12. Ng3 d5 13. exd5 Nxd5 14. d4 exd4 15. Nxd4 Re8 16. Rxe8+ Qxe8 17. Qe2 Bd7 18. Bd2 Bxd4 19. cxd4 Qxe2 20. Nxe2 Be6 21. f3 Nb6 22. Bc2 Nc4 23. Bc1 Rd8 24. Kf2 Ne7 25. b3 Nd6 26. g4 Nd5 27. Bd2 g6 28. Rh1 a5 29. a3 Ra8 30. Bd3 a4 31. b4 Nb6 32. Bf4 Ndc4 33. Bc1 Rd8 34. h4 Nd6 35. Nc3 Bc4 36. Bb1 Re8 37. h5 Bb3 38. Bf4 Ndc4 39. Bc1 Nd6 40. Bf4 Re6 41. Bd3 Nd5 42. Nxd5 Bxd5 43. hxg6 fxg6 44. Bxd6 Rxd6 45. Ke3 Kg7 46. g5 Re6+ 47. Be4 Bb3 48. Rc1 h6 49. gxh6+ Kxh6 50. Rc5 Bd5 51. b5 g5 52. bxc6 bxc6 53. Kd3 Bxe4+ 54. fxe4 g4 55. d5 cxd5 56. exd5 Rg6 57. Ke2 g3 58. Kf1 Kg5 59. Kg2 Kf5 60. Ra5 Ke4 61. Rxa4+ Kxd5 1/2-1/2

[Event "Mitropa Cup Open 2019"]
[Site "Radenci"]
[Date "2019.06.02"]
[Round "7.13"]
[White "Pelletier, Yannick"]
[Black "Perske, Thore"]
[Result "1/2-1/2"]
[ECO "E97"]
[WhiteElo "2547"]
[BlackElo "2456"]
[Annotator "ChessBase"]
[PlyCount "71"]
[EventDate "2019.05.27"]
[EventType "team-tourn"]
[EventCountry "SLO"]
[SourceTitle "playchess.com"]
[Source "ChessBase"]
[SourceQuality "1"]
[WhiteTeam "SUI"]
[BlackTeam "GER"]
[BlackTeamCountry "GER"]
[TimeControl "40/5400+30:1800+30"]

1. Nf3 Nf6 2. c4 g6 3. Nc3 Bg7 4. d4 O-O 5. e4 d6 6. Be2 e5 7. O-O Nc6 8. d5 Ne7 9. Bg5 h6 10. Bxf6 Bxf6 11. b4 a5 12. a3 c6 13. Nd2 Bg5 14. Nb3 cxd5 15. cxd5 axb4 16. axb4 Bd7 17. Na5 Qc7 18. Qd3 Rfc8 19. Nb5 Qb6 20. Kh1 f5 21. f3 Bxb5 22. Qxb5 Qxb5 23. Bxb5 Bd2 24. Nxb7 Bxb4 25. Rxa8 Rxa8 26. Rb1 fxe4 27. fxe4 Rb8 28. Bc6 Bc5 29. g3 Nxc6 30. dxc6 Rc8 31. Na5 Kf7 32. Rb7+ Ke6 33. Rg7 Kf6 34. Rb7 Ke6 35. Rg7 Kf6 36. Rb7 1/2-1/2

[Event "Mitropa Cup Open 2019"]
[Site "Radenci"]
[Date "2019.06.02"]
[Round "7.15"]
[White "Gaehwiler, Gabriel"]
[Black "Lagunow, Raphael"]
[Result "0-1"]
[ECO "E04"]
[WhiteElo "2431"]
[BlackElo "2420"]
[Annotator "ChessBase"]
[PlyCount "94"]
[EventDate "2019.05.27"]
[EventType "team-tourn"]
[EventCountry "SLO"]
[SourceTitle "playchess.com"]
[Source "ChessBase"]
[SourceQuality "1"]
[WhiteTeam "Switzerland"]
[BlackTeam "Germany"]
[WhiteTeamCountry "SUI"]
[BlackTeamCountry "GER"]
[TimeControl "40/5400+30:1800+30"]

1. d4 d5 2. c4 e6 3. Nf3 Nf6 4. g3 Bb4+ 5. Nc3 dxc4 6. Bg2 O-O 7. O-O Nc6 8. Bg5 Rb8 9. a3 Be7 10. Qa4 h6 11. Bxf6 Bxf6 12. e3 b5 13. Nxb5 Bd7 14. Nxa7 Ne7 15. Qxc4 c6 16. e4 g6 17. e5 Bg7 18. Ne1 Qb6 19. Qb4 Nd5 20. Qxb6 Rxb6 21. Nd3 Ra8 22. Nxc6 Bxc6 23. Rfc1 Ne7 24. a4 Rxa4 25. Rxa4 Bxa4 26. Rc7 Nf5 27. d5 exd5 28. Bxd5 Bb3 29. Be4 Be6 30. b4 Bf8 31. Rb7 Rxb7 32. Bxb7 Bc4 33. Be4 Nd4 34. Nc5 Kg7 35. f4 Ne6 36. Nxe6+ fxe6 37. h4 Bxb4 38. g4 Bd2 39. f5 g5 40. Kg2 Bf4 41. fxe6 Bxe6 42. hxg5 hxg5 43. Kf3 Bxe5 44. Bc6 Kf6 45. Be4 Bc3 46. Bc2 Ke5 47. Be4 Bd5 0-1

[Event "Mitropa Cup Open 2019"]
[Site "Radenci"]
[Date "2019.06.02"]
[Round "7.16"]
[White "Schmidek, Emil"]
[Black "Stijve, Theo"]
[Result "1-0"]
[ECO "B47"]
[WhiteElo "2396"]
[BlackElo "2310"]
[Annotator "RC"]
[PlyCount "163"]
[EventDate "2019.05.27"]
[EventType "team-tourn"]
[EventCountry "SLO"]
[SourceTitle "playchess.com"]
[Source "ChessBase"]
[SourceQuality "1"]
[WhiteTeam "Germany"]
[BlackTeam "Switzerland"]
[WhiteTeamCountry "GER"]
[BlackTeamCountry "SUI"]
[TimeControl "40/5400+30:1800+30"]

1. e4 c5 2. Nf3 Nc6 3. d4 cxd4 4. Nxd4 Qc7 5. Nc3 e6 6. Qd3 a6 7. Nxc6 Qxc6 8. Qg3 Nf6 9. Bd3 h5 10. e5 h4 11. Qh3 Nd5 12. Be4 Bb4 13. Bd2 Qc7 14. O-O Nxc3 15. Bxc3 Bxc3 16. Qxc3 Qxc3 17. bxc3 Rb8 18. Rfd1 Ke7 19. Rd4 b5 20. Rad1 f5 21. Bf3 g5 22. g3 h3 23. Rd6 Rd8 24. g4 f4 25. R1d3 Rh8 26. a3 Rh7 27. Kf1 Ke8 28. Be4 Rh6 29. f3 Ke7 30. Ke2 Rh8 31. R3d4 Rd8 32. Kd3 Bb7 33. Bxb7 Rxb7 34. Rxa6 Rc8 35. Kd2 Rc5 36. Ra8 Rxe5 37. Rh8 Rc5 38. Rxh3 Ra7 39. Rd3 Kd8 40. Rh8+ Kc7 41. Rxd7+ Kxd7 42. Rh7+ Kc6 43. Rxa7 Rd5+ 44. Kc1 Re5 45. Rg7 Re3 46. Rxg5 Rxf3 47. Re5 Rxc3 48. Rxe6+ Kd5 49. Rf6 Ke4 50. g5 Rxa3 51. g6 Ra1+ 52. Kd2 Rh1 53. Re6+ Kf3 54. Kd3 Rxh2 55. g7 Rg2 56. Re1 Rg3 57. g8=Q Rxg8 58. Rf1+ Kg2 59. Rxf4 Rc8 60. Rf5 Kg3 61. Rxb5 Kf4 62. Rd5 Rc7 63. c4 Rc8 64. c5 Ra8 65. Kc4 Ke4 66. Rd6 Ke5 67. Kb5 Ra1 68. Kb6 Rb1+ 69. Kc7 Ra1 70. Rd2 Ke6 71. c6 Rc1 72. Kb7 Rb1+ 73. Kc8 Rb3 74. c7 Ke7 75. Re2+ Kf6 76. Re4 Kf5 77. Rd4 Ke5 78. Rd1 Rh3 79. Kd7 Rh7+ 80. Kc6 Rh6+ 81. Kb7 Rh7 82. Kb8 1-0

[Event "Mitropa Cup Open 2019"]
[Site "Radenci"]
[Date "2019.06.02"]
[Round "7.19"]
[White "Janzelj, Tim"]
[Black "Mesaros, Florian"]
[Result "1-0"]
[ECO "A09"]
[WhiteElo "2384"]
[BlackElo "2439"]
[Annotator "ChessBase"]
[PlyCount "91"]
[EventDate "2019.05.27"]
[EventType "team-tourn"]
[EventCountry "SLO"]
[SourceTitle "playchess.com"]
[Source "ChessBase"]
[SourceQuality "1"]
[WhiteTeam "SLO"]
[BlackTeam "AUT"]
[BlackTeamCountry "AUT"]
[TimeControl "40/5400+30:1800+30"]

1. Nf3 d5 2. c4 dxc4 3. Na3 g6 4. g3 Bg7 5. Bg2 e5 6. Qc2 Bf5 7. e4 Bg4 8. Nxc4 Nc6 9. O-O Nge7 10. b3 Bxf3 11. Bxf3 Nd4 12. Qd1 O-O 13. Bg2 Qd7 14. Bb2 Rad8 15. Rc1 Nec6 16. Ne3 Ne6 17. Nd5 Ncd4 18. f4 c6 19. fxe5 cxd5 20. exd5 Bxe5 21. dxe6 Qxe6 22. Re1 Rfe8 23. Kh1 h5 24. Rc5 Qf6 25. Re4 Nc6 26. Qe1 Bxb2 27. Rxe8+ Rxe8 28. Qxe8+ Kg7 29. Qe1 Ne5 30. Qf1 Qb6 31. Rb5 Qe6 32. Rxb7 Ng4 33. Rb4 Be5 34. Bf3 Qd6 35. Re4 f5 36. Re2 Bd4 37. Bxg4 hxg4 38. Qg2 Qa6 39. Re1 Qxa2 40. Qb7+ Kh6 41. Qb4 Bf6 42. Qf4+ Bg5 43. Qd4 Kh5 44. Re8 Qxb3 45. Rh8+ Bh6 46. Rxh6+ 1-0

[Event "Mitropa Cup Open 2019"]
[Site "Radenci"]
[Date "2019.06.02"]
[Round "7.20"]
[White "Horvath, Dominik"]
[Black "Subelj, Jan"]
[Result "1-0"]
[ECO "E04"]
[WhiteElo "2406"]
[BlackElo "2407"]
[Annotator "ChessBase"]
[PlyCount "63"]
[EventDate "2019.05.27"]
[EventType "team-tourn"]
[EventCountry "SLO"]
[SourceTitle "playchess.com"]
[Source "ChessBase"]
[SourceQuality "1"]
[WhiteTeam "Austria"]
[BlackTeam "Slovenia"]
[WhiteTeamCountry "AUT"]
[BlackTeamCountry "SLO"]
[TimeControl "40/5400+30:1800+30"]

1. d4 Nf6 2. c4 e6 3. g3 d5 4. Bg2 dxc4 5. Nf3 Bb4+ 6. Bd2 a5 7. a3 Bxd2+ 8. Nbxd2 b5 9. b3 cxb3 10. Qxb3 c6 11. O-O O-O 12. Rfc1 Bb7 13. Qb2 Nbd7 14. Ne1 Qb6 15. Nd3 Rac8 16. Nb3 a4 17. Nbc5 Nxc5 18. Nxc5 Rfd8 19. e3 Qa7 20. Rc2 Ba8 21. Rac1 Nd5 22. Nd3 Rc7 23. Rc5 Rb8 24. Bxd5 exd5 25. Nb4 h5 26. Nxd5 Rcc8 27. Nb4 h4 28. d5 h3 29. dxc6 Qe7 30. Qd4 Qe6 31. c7 Rb6 32. Qd8+ 1-0

[Event "Mitropa Cup Open 2019"]
[Site "Radenci"]
[Date "2019.06.03"]
[Round "8.2"]
[White "Blohberger, Felix"]
[Black "Kozak, Adam"]
[Result "1/2-1/2"]
[ECO "C67"]
[WhiteElo "2475"]
[BlackElo "2458"]
[Annotator "ChessBase"]
[PlyCount "91"]
[EventDate "2019.05.27"]
[EventType "team-tourn"]
[EventCountry "SLO"]
[SourceTitle "playchess.com"]
[Source "ChessBase"]
[SourceQuality "1"]
[WhiteTeam "Austria"]
[BlackTeam "Hungary"]
[WhiteTeamCountry "AUT"]
[BlackTeamCountry "HUN"]
[TimeControl "40/5400+30:1800+30"]

1. e4 e5 2. Nf3 Nc6 3. Bb5 Nf6 4. O-O Nxe4 5. Re1 Nd6 6. Nxe5 Be7 7. Bf1 Nxe5 8. Rxe5 O-O 9. Nc3 Ne8 10. Nd5 Bd6 11. Re1 c6 12. Ne3 Bc7 13. Nf5 d5 14. Ne7+ Kh8 15. Nxc8 Rxc8 16. Qf3 Qd7 17. d3 Nd6 18. Bd2 Rfe8 19. g3 Rcd8 20. h4 Kg8 21. h5 h6 22. a4 Ne4 23. dxe4 dxe4 24. Rxe4 Rxe4 25. Qxe4 Qxd2 26. Bd3 Bb6 27. Qf3 Rd6 28. a5 Rf6 29. axb6 Rxf3 30. bxa7 Qxf2+ 31. Kh1 Rxd3 32. a8=Q+ Kh7 33. cxd3 Qf3+ 34. Kg1 Qxg3+ 35. Kf1 Qf3+ 36. Ke1 Qe3+ 37. Kd1 Qxd3+ 38. Kc1 Qc4+ 39. Kb1 Qd3+ 40. Ka2 Qc4+ 41. Ka3 Qc5+ 42. Ka2 Qc4+ 43. Kb1 Qd3+ 44. Kc1 Qc4+ 45. Kb1 Qd3+ 46. Ka2 1/2-1/2

[Event "Mitropa Cup Open 2019"]
[Site "Radenci"]
[Date "2019.06.03"]
[Round "8.3"]
[White "Csonka, Balazs"]
[Black "Mesaros, Florian"]
[Result "1-0"]
[ECO "B51"]
[WhiteElo "2466"]
[BlackElo "2439"]
[Annotator "ChessBase"]
[PlyCount "51"]
[EventDate "2019.05.27"]
[EventType "team-tourn"]
[EventCountry "SLO"]
[SourceTitle "playchess.com"]
[Source "ChessBase"]
[SourceQuality "1"]
[WhiteTeam "HUN"]
[BlackTeam "AUT"]
[BlackTeamCountry "AUT"]
[TimeControl "40/5400+30:1800+30"]

1. e4 c5 2. Nf3 d6 3. Bb5+ Nd7 4. O-O Ngf6 5. Re1 a6 6. Bf1 b5 7. a4 Bb7 8. axb5 axb5 9. Rxa8 Qxa8 10. Bxb5 Bxe4 11. Nc3 Bxf3 12. Qxf3 Qxf3 13. gxf3 e6 14. d3 h6 15. Bd2 Kd8 16. Ra1 Kc8 17. Ra7 Ne5 18. Ba6+ Kd8 19. Kg2 g5 20. Ne4 Nfd7 21. Ba5+ Ke7 22. Bc7 f5 23. Bxd6+ Ke8 24. Nf6+ Nxf6 25. Bxe5 Be7 26. Ra8+ 1-0